 Dungeon Crawl Stone Soup version 0.20-a0-1008-g0de3dc5 (webtiles) character file.

11931 mkm the Basher (level 11, -3/156 HPs)
             Began as a Minotaur Berserker on Apr 15, 2017.
             Was a High Priest of Trog.
             Slain by a skeletal warrior
             ... wielding a +0 dire flail
              (15 damage)
             ... on level 9 of the Dungeon.
             The game lasted 00:49:41 (9495 turns).

mkm the Basher (Minotaur Berserker)                 Turns: 9495, Time: 00:49:42

Health: -3/156     AC: 27    Str: 36    XL:     11   Next: 55%
Magic:  10/10      EV: 10    Int:  7    God:    Trog [*****.]
Gold:   677        SH:  5    Dex: 11    Spells: 10/10 levels left

rFire    . . .     SeeInvis .   q - +1 mace (protect)
rCold    . . .     Gourm    .   x - +0 buckler
rNeg     . . .     Faith    +   e - +2 plate armour
rPois    .         Spirit   .   (helmet restricted)
rElec    .         Reflect  .   (no cloak)
rCorr    .         Harm     .   g - +1 pair of gloves
MR       +....     Rnd*Tele +   (no boots)
Stlth    ..........             f - amulet of faith
Regen    0.4/turn               A - ring of Poem {*Tele Str+3 Int+3}
MPRegen  0.2/turn               w - +4 ring of strength

@: berserking (expiring), protection aura, very quick
A: retaliatory headbutt, horns 2, rugged brown scales 1, magic resistance 1
a: Berserk, Trog's Hand, Brothers in Arms, Burn Spellbooks, Renounce Religion


You were on level 9 of the Dungeon.
You worshipped Trog.
Trog was extremely pleased with you.
You were very hungry.

You visited 3 branches of the dungeon, and saw 12 of its levels.

You collected 677 gold pieces.

Inventory:

Hand Weapons
 q - a +1 mace of protection (weapon)
Missiles
 l - 14 tomahawks (quivered)
Armour
 e - a +2 plate armour (worn)
 g - a +1 pair of gloves (worn)
 r - a +1 ring mail of cold resistance
 x - a +0 buckler (worn)
Jewellery
 d - an uncursed ring of protection from magic
 f - an amulet of faith (around neck)
 i - a +5 ring of evasion
 j - a +2 amulet of reflection
 s - an uncursed amulet of guardian spirit
 t - a +3 ring of protection
 w - a +4 ring of strength (right hand)
 A - the ring of Poem (left hand) {*Tele Str+3 Int+3}
   (You found it on level 7 of the Dungeon)

   [ring of teleportation]

   It may teleport you next to monsters.
   It affects your strength (+3).
   It affects your intelligence (+3).
Wands
 o - a wand of confusion (31/48)
Scrolls
 a - a scroll of magic mapping
 b - a scroll of identify
 k - 3 scrolls of remove curse
 n - 3 scrolls of recharging
 y - a scroll of fear
Potions
 h - 2 potions of haste
 m - 3 potions of curing
 p - 3 potions of heal wounds
 u - 2 potions of brilliance
Comestibles
 c - 8 bread rations
 v - 3 royal jellies


   Skills:
 + Level 10.5 Fighting
 + Level 13.9 Maces & Flails
 + Level 11.6 Armour
 + Level 3.8 Dodging
 + Level 2.0 Stealth
 + Level 6.2 Shields


You had 10 spell levels left.
You didn't know any spells.

Dungeon Overview and Level Annotations

Branches:
Dungeon (10/15)            Temple (1/1) D:5            Lair (1/6) D:8
    Orc: D:9-12

Altars:
Ashenzari
Cheibriados
Dithmenos
Elyvilon
Fedhas
Gozag
Hepliaklqana
Kikubaaqudgha
Makhleb
Nemelex Xobeh
Okawaru
Qazlal
Ru
Sif Muna
Trog
Uskayaw
Vehumet
Wu Jian
Xom
Yredelemnul
The Shining One
Beogh

Shops:
D:5 (


Innate Abilities, Weirdness & Mutations

You reflexively headbutt those who attack you in melee.
You have a pair of horns on your head.
You are partially covered in rugged brown scales. (AC +1, +3% HP)
You are resistant to hostile enchantments. (MR+)


Message History

The skeletal warrior is almost destroyed.
You closely miss the skeletal warrior. You headbutt the skeletal warrior.
The skeletal warrior is almost destroyed.
The skeletal warrior hits you but does no damage. x2
You sock the skeletal warrior!
You feel the power of Trog in you as your rage grows.
You destroy the skeletal warrior!
Trog accepts your kill.
Your Shields skill increases to level 6!
The skeletal warrior hits you but does no damage.
You see here a scimitar.
You sock the skeletal warrior!
The skeletal warrior is moderately damaged.
The skeletal warrior hits you with a glaive.
* * * LOW HITPOINT WARNING * * *
A quokka comes into view.
You closely miss the skeletal warrior.
The skeletal warrior is moderately damaged.
The skeletal warrior hits you with a dire flail!
You die...

### ### (.. ..# ####.##
##.##### r.... #.......
.#####..# #....... ......z@#
.# #.......
#############z###.#####...####
#.............................
#.###########.###.#####.######
#.# #..................... #.#
#.##†..#.##.###.##.#.# #.#
#........#.#.# #.# #.#
#.#........#[# #.# #.#
#.##[###.##.#.#.##.#.#


You could see 2 skeletal warriors and a quokka.

Vanquished Creatures
  A hydra (Lair:1)
  A skeletal warrior (D:9)
  The ghost of George the Carver, a novice MiFi of Okawaru (D:7)
  2 cyclopes (D:7)
  An elephant (D:8)
  A black mamba (Lair:1)
  Joseph (D:9)
  Psyche (D:8)
  A gargoyle (D:7)
  A spiny frog (Lair:1)
  A komodo dragon (Lair:1)
  Prince Ribbit (D:8)
  A slime creature (D:7)
  2 hippogriffs
  A shadow (D:7)
  2 wyverns
  Grum (D:8)
  9 yaks (Lair:1)
  3 basilisks
  A hungry ghost (D:5)
  2 water moccasins (Lair:1)
  2 porcupines (Lair:1)
  An ice beast (D:8)
  An orc warrior (D:9)
  A sky beast (D:8)
  A black bear (D:7)
  A necrophage (D:8)
  14 wolves
  2 centaurs
  3 ogres
  A bullfrog (D:9)
  3 scorpions
  6 killer bees (D:9)
  4 crimson imps
  A bullfrog zombie (D:5)
  A quasit (D:8)
  2 jellies
  7 orc priests
  2 centaur skeletons (D:5)
  6 hounds
  3 orc wizards
  2 bullfrog skeletons
  9 worker ants
  4 iguanas
  A hound zombie (D:5)
  A worker ant zombie (D:8)
  3 gnolls (D:2)
  5 adders
  2 shadow imps
  2 oozes
  2 adder zombies
  3 adder skeletons
  A dart slug (D:1)
  6 leopard geckos
  30 orcs
  6 bats
  5 giant cockroaches
  8 goblins
  4 hobgoblins
  12 jackals
  4 ball pythons
  5 frilled lizards
  4 kobolds
  4 rats
  A spectral orc (D:2)
  A fungus (D:8)
222 creatures vanquished.

Vanquished Creatures (others)
  5 dream sheep (D:8)
5 creatures vanquished.

Grand Total: 227 creatures vanquished

Notes
Turn   | Place    | Note
-------+----------+-------------------------------------------
     0 | D:1      | mkm the Minotaur Berserker began the quest for the Orb.
     0 | D:1      | Reached XP level 1. HP: 19/19 MP: 0/0
   114 | D:1      | Reached XP level 2. HP: 18/27 MP: 1/1
   224 | D:1      | Reached skill level 4 in Maces & Flails
   488 | D:2      | Found a hazy altar of Hepliaklqana.
   584 | D:1      | Reached XP level 3. HP: 32/33 MP: 2/2
  1383 | D:2      | Reached XP level 4. HP: 31/41 MP: 3/3
  1397 | D:2      | Reached ** piety under Trog
  1397 | D:2      | Reached skill level 5 in Maces & Flails
  1481 | D:2      | Found a basalt altar of Yredelemnul.
  1772 | D:2      | Found a deep blue altar of Sif Muna.
  2253 | D:3      | Found a roughly hewn altar of Beogh.
  2263 | D:3      | Reached XP level 5. HP: 29/47 MP: 4/4
  2527 | D:3      | You fall through a shaft!
  2810 | D:4      | Reached skill level 6 in Maces & Flails
  2819 | D:3      | Reached XP level 6. HP: 42/55 MP: 5/5
  2917 | D:3      | Reached skill level 5 in Fighting
  2993 | D:4      | Reached *** piety under Trog
  3080 | D:5      | Entered Level 5 of the Dungeon
  3080 | D:5      | Found Jelell's Antique Weapon Shoppe.
  3195 | D:4      | Reached skill level 7 in Maces & Flails
  3307 | D:4      | Reached skill level 5 in Armour
  3307 | D:4      | Reached XP level 7. HP: 61/61 MP: 6/6
  3523 | D:5      | Reached skill level 8 in Maces & Flails
  3582 | D:5      | Found a staircase to the Ecumenical Temple.
  4429 | D:6      | Found a glowing golden altar of the Shining One.
  4869 | D:5      | Reached skill level 1 in Stealth
  4951 | D:5      | Reached XP level 8. HP: 24/70 MP: 7/7
  5184 | Temple   | Entered the Ecumenical Temple
  5642 | D:5      | Reached skill level 9 in Maces & Flails
  5730 | D:5      | Found a hide-covered altar of Uskayaw.
  5809 | D:5      | Reached **** piety under Trog
  5809 | D:5      | Reached skill level 1 in Shields
  6398 | D:7      | Found a sparkling altar of Nemelex Xobeh.
  6512 | D:7      | Reached skill level 10 in Maces & Flails
  6529 | D:7      | Found a sparkling altar of Nemelex Xobeh.
  6740 | D:7      | Reached XP level 9. HP: 66/79 MP: 8/8
  7009 | D:7      | Noticed a cyclops
  7010 | D:7      | Noticed a gargoyle
  7011 | D:7      | Noticed a cyclops
  7070 | D:7      | Killed a gargoyle
  7085 | D:7      | Killed a cyclops
  7097 | D:7      | Killed a cyclops
  7097 | D:7      | Reached skill level 11 in Maces & Flails
  7119 | D:7      | Got a vibrating lead ring
  7167 | D:7      | Noticed George's ghost (novice MiFi)
  7185 | D:7      | Killed George's ghost
  7196 | D:7      | Identified the ring of Poem {*Tele Str+3 Int+3} (You found it on level 7 of the Dungeon)
  7257 | D:8      | Reached XP level 10. HP: 90/90 MP: 9/9
  7274 | D:8      | Noticed an elephant
  7275 | D:8      | Found a staircase to the Lair.
  7294 | D:8      | Killed an elephant
  7294 | D:8      | Reached skill level 12 in Maces & Flails
  7507 | D:8      | Noticed Psyche
  7514 | D:8      | Killed Psyche
  7531 | D:8      | Noticed Prince Ribbit
  7561 | D:8      | Killed Prince Ribbit
  7561 | D:8      | Reached skill level 10 in Armour
  7572 | D:8      | Noticed Grum
  7593 | D:8      | Killed Grum
  7649 | D:8      | Found a shimmering altar of Xom.
  8009 | Lair:1   | Entered Level 1 of the Lair of Beasts
  8019 | Lair:1   | Reached ***** piety under Trog
  8100 | Lair:1   | Noticed a six-headed hydra
  8109 | Lair:1   | Reached skill level 5 in Shields
  8110 | Lair:1   | Reached skill level 13 in Maces & Flails
  8113 | Lair:1   | Killed a six-headed hydra
  8124 | Lair:1   | Reached XP level 11. HP: 87/98 MP: 10/10
  8379 | Lair:1   | Received a gift from Trog
  8458 | Lair:1   | Reached skill level 10 in Fighting
  9195 | D:9      | Noticed Joseph
  9222 | D:9      | Killed Joseph
  9254 | D:10     | Entered Level 10 of the Dungeon
  9350 | D:9      | Gained mutation: You are partially covered in rugged brown scales. (AC +1, +3% HP) [potion of mutation]
  9350 | D:9      | Gained mutation: You are resistant to hostile enchantments. (MR+) [potion of mutation]
  9468 | D:9      | Noticed a skeletal warrior
  9471 | D:9      | Noticed a skeletal warrior
  9471 | D:9      | Noticed a skeletal warrior
  9492 | D:9      | Killed a skeletal warrior
  9495 | D:9      | Slain by a skeletal warrior

Vault maps used:
D:1:      nagdon_arrival_zigzag_paths
D:2:      yredelemnul_forgotten_temple_becter, old_standard_altar,
          serial_co_window_serial, co_window_paths_a, co_window_paths_a,
          co_window_of_opportunity_a, co_window_of_opportunity_a,
          co_window_of_opportunity_a, co_window_of_opportunity_a,
          co_window_of_opportunity_a, co_window_unsneaky_path_b,
          co_window_unsneaky_path_a, co_window_broadway_a, co_window_2corner,
          co_window_of_opportunity_c, glass_columns_b, lemuel_blue_sif_altar
D:3:      kennysheep_orc_chapel
D:5:      kennysheep_little_box, minmay_temple_entry_statues, serial_shops,
          nicolae_shop_crystal, first_bread, roderic_ancient_swastika
D:6:      tso_altar
D:7:      minmay_blocky_corners, old_standard_altar, nemelex_spade_bored_becter
D:8:      kb_xom_exploding_sheep, david_lair_generic, uniq_prince_ribbit1,
          uniq_psyche, uniq_grum
D:9:      zin_statuary, uniq_joseph
D:10:     hiddenorc2_lemuel, uniq_gastronok, uniq_nergalle, uniq_harold
Temple:   regret_index_temple_generic_petals

Skill      XL: |  1  2  3  4  5  6  7  8  9 10 11 |
---------------+----------------------------------+-----
Fighting       | 4 5 7 8 9 10 | 10.5
Maces & Flails | 4 5 6 7 8 10 11 13 | 13.9
Armour         | 3 4 5 7 9 10 11 | 11.6
Dodging        | 3 |  3.8
Stealth        | 1 2 |  2.0
Shields        | 2 3 5 6 |  6.2

Action                   |  1- 3 |  4- 6 |  7- 9 | 10-12 || total
-------------------------+-------+-------+-------+-------++-------
Melee: Mace              |    70 |    46 |   254 |   298 ||   668
       Headbutt          |     9 |    17 |    59 |    91 ||   176
       Morningstar       |       |    61 |       |       ||    61
Invok: Berserk           |       |     1 |     3 |     5 ||     9
       Burn Spellbooks   |       |       |       |     1 ||     1
  Use: Scroll            |     2 |     6 |    13 |     4 ||    25
       Potion            |       |     8 |       |     3 ||    11
 Stab: Distracted        |       |       |       |     1 ||     1
  Eat: Meat ration       |     1 |       |     4 |     2 ||     7
       Bread ration      |       |     1 |       |       ||     1
Armor: Leather armour    |     4 |       |       |       ||     4
       Plate armour      |    48 |    85 |   121 |   166 ||   420
Dodge: Dodged            |    39 |   105 |   145 |   174 ||   463
Block: Other             |       |       |    15 |       ||    15
       Reflection        |       |       |     4 |       ||     4
       Buckler           |       |       |    30 |    62 ||    92
